 Dungeon Crawl Stone Soup version 0.28-a0-1356-g2ad6d04315 (webtiles) character file.

Game seed: 8167559806673278731

255 rocketpapaya the Sneak (level 5, -3/27 HPs)
             Began as a Spriggan Chaos Knight on Dec 30, 2021.
             Was a Plaything of Xom.
             Slain by Duvessa (11 damage)
             ... on level 4 of the Dungeon.
             The game lasted 00:10:02 (3545 turns).

rocketpapaya the Sneak (Spriggan Chaos Knight)      Turns: 3545, Time: 00:10:05

Health: -3/27      AC:  4    Str:  7 (8)  XL:     5   Next: 91%
Magic:  5/5        EV: 17    Int: 11 (13) God:    Xom [..*...]
Gold:   142        SH:  0    Dex: 15 (17) Spells: 4/4 levels left

rFire   + . .      SeeInvis +   a - +0 short sword (chaos)
rCold   + + .      Faith    .   (no shield)
rNeg    . . .      Spirit   .   b - +2 robe
rPois   +          Reflect  .   (helmet restricted)
rElec   +          Harm     .   (no cloak)
rCorr   +          Rampage  .   (gloves unavailable)
Will    .....                   (boots unavailable)
Stlth   ++++......              (no amulet)
HPRegen 0.09/turn               n - ring of protection from cold
MPRegen 0.09/turn               (no ring)

@: brilliant, resistant, flying, invisible, unable to read, very quick
A: very small, no large weapons, unfitting armour, see invisible, speed 3, low
mp 1, sense surroundings 1, poison resistance, inability to read while
threatened
a: Renounce Religion


You were on level 4 of the Dungeon.
You worshipped Xom.
You were a toy of Xom.
You visited 1 branch of the dungeon, and saw 4 of its levels.

You collected 142 gold pieces.

Inventory:

Hand Weapons
 a - a +0 short sword of chaos (weapon)
Armour
 b - a +2 robe (worn)
Jewellery
 n - a ring of protection from cold (left hand)
Scrolls
 c - 4 scrolls of vulnerability {unknown}
 d - 2 scrolls of blinking {unknown}
 g - a scroll of amnesia {unknown}
 h - 2 scrolls of identify {unknown}
 i - a scroll of summoning {unknown}
 k - 2 scrolls of teleportation {unknown}
 l - a scroll of enchant armour {unknown}
 m - a scroll of enchant weapon {unknown}
 r - a scroll of immolation {unknown}
 t - a scroll of torment {unknown}
 u - a scroll of holy word {unknown}
Potions
 o - a potion of curing


   Skills:
 - Level 2.4 Fighting
 + Level 4.9 Short Blades
 - Level 3.2 Dodging
 + Level 7.6 Stealth


You had 4 spell levels left.
You didn't know any spells.
Your spell library contained the following spells:

 Spells                   Type           Power      Damage    Failure   Level
 Shock                    Conj/Air       0%         1d3       34%         1
 Swiftness                Air            0%         N/A       71%         3
 Airstrike                Air            0%         N/A       98%         4


Dungeon Overview and Level Annotations

Branches:
Dungeon (4/15)
 Temple: D:4-7

Altars:
Gozag
Nemelex Xobeh

Annotations:
D:3 1 exclusion, Grinder
D:4 Dowan, Duvessa


Innate Abilities, Weirdness & Mutations

You are very small and have problems with some larger weapons.
You are too small for most types of armour.
You have supernaturally acute eyesight. (SInv)
You cover ground extremely quickly. (Speed+++)
Your magical capacity is low. (-10% MP)
You passively map a small area around you.
Your system is resistant to poisons. (rPois)
You sometimes lose the ability to read scrolls when taking damage.


Message History

The hound is severely wounded.
The hound bites you.
You feel threatened and lose the ability to read scrolls!
* * * LOW HITPOINT WARNING * * *
The hound bites you.
* * * LOW HITPOINT WARNING * * *
It was a potion of resistance.
You feel protected. The hound barely misses you.
Dowan smirks and points a slender finger.
The hound barely misses you.
Dowan gestures at the hound while chanting.
The puff of flame hits the hound.
The hound dies!
It was a potion of mutation.
You feel extremely strange.
You can once more read scrolls while threatened.
You lose the ability to read scrolls when threatened.
You feel a strange attunement to the structure of the dungeons.
You feel less energetic.
You feel resistant to poisons.
Dowan says, "Where the sword fails, magic succeeds!"
It was a potion of brilliance.
You feel clever all of a sudden.
It was a potion of curing.
You feel better.
You can read scrolls again.
Duvessa hits you but does no damage.
It was a potion of invisibility.
You fade further into invisibility.
Dowan casts a spell at Duvessa.
The puff of frost hits Duvessa.
Duvessa barely misses you.
It was a potion of flight.
You feel very buoyant.
You fly up into the air.
Duvessa closely misses you.
It was a potion of degeneration.
There was something very wrong with that liquid.
You feel weakened.
You feel dopey.
You feel clumsy.
Xom roars with laughter!
Duvessa hits you with a +0 short sword!
You feel threatened and lose the ability to read scrolls!
You die...
Xom laughs nastily!

.............).......#
#######.##..######..##
+##..* *###..## ,
+.....#.....# .......
#.....#....## .......
#.....#....## ......
#..>..#.....# , .....
#.....#.....# ,
#...*#...# #@##.##
#...##...###e####
+.....e..h....# ,
#.....e....e..# ,
#.?.##...##..## #....
######### #.... #####


You could see Duvessa and Dowan.

Vanquished Creatures
  Blork the orc (D:4)
  A jelly (D:4)
  3 gnolls (D:3)
  5 adders
  4 dart slugs
  An orc (D:4)
  6 ball pythons
  7 endoplasms
  10 goblins
  8 hobgoblins
  2 jackals (D:2)
  4 kobolds
  6 quokkas
  7 bats
  2 frilled lizards
  5 rats
72 creatures vanquished.

Vanquished Creatures (others)
  A hound (D:4)
  A kobold (D:2)
  A plant (D:1)
3 creatures vanquished.

Grand Total: 75 creatures vanquished

Notes
Turn   | Place    | Note
-------+----------+-------------------------------------------
     0 | D:1      | rocketpapaya the Spriggan Chaos Knight began the quest for
                  | the Orb.
     0 | D:1      | Reached XP level 1. HP: 11/11 MP: 2/2
    79 | D:1      | Reached skill level 1 in Stealth
    87 | D:1      | Reached skill level 2 in Stealth
   121 | D:1      | XOM: silly message
   305 | D:1      | Reached XP level 2. HP: 12/16 MP: 3/3
   419 | D:1      | Reached skill level 3 in Stealth
   707 | D:1      | Reached skill level 4 in Stealth
   903 | D:1      | Found a faded altar of an unknown god.
   992 | D:1      | Reached XP level 3. HP: 16/19 MP: 4/4
  1087 | D:1      | XOM: silly message
  1451 | D:2      | Reached skill level 5 in Stealth
  1548 | D:2      | XOM: divination: detect creatures
  1809 | D:2      | XOM: noise
  1906 | D:2      | Identified the +2 robe of Spite {-Tele Int+3}
  1958 | D:3      | Reached XP level 4. HP: 23/23 MP: 5/5
  2051 | D:3      | Noticed Grinder
  2306 | D:3      | XOM: divination: detect items
  2386 | D:3      | Reached skill level 6 in Stealth
  2393 | D:3      | XOM: divination: detect creatures
  2503 | D:3      | Reached XP level 5. HP: 27/27 MP: 6/6
  2505 | D:3      | Noticed a glowing shapeshifter
  2505 | D:3      | an orc changed into a glowing shapeshifter
  2505 | D:3      | Noticed a torpor snail
  2505 | D:3      | a glowing shapeshifter changed into a torpor snail
  2508 | D:3      | Noticed an elephant
  2508 | D:3      | a torpor snail changed into an elephant
  2509 | D:3      | XOM: potion effect (might)
  2512 | D:3      | Noticed a sea snake
  2512 | D:3      | an elephant changed into a sea snake
  2516 | D:3      | XOM: potion effect (haste)
  2518 | D:3      | XOM: 4-stop teleportation journey
  2654 | D:3      | XOM: summons 1 hostile demon
  2743 | D:3      | XOM: give mutation
  2743 | D:3      | Gained mutation: You sometimes lose the ability to read
                  | scrolls when taking damage. [Xom's mischief]
  2834 | D:3      | XOM: divination: detect creatures
  2866 | D:3      | XOM: god gift: plate armour {god gift}
  2993 | D:3      | Found a sparkling altar of Nemelex Xobeh.
  2994 | D:3      | Found an opulent altar of Gozag.
  3095 | D:3      | Noticed a death drake
  3156 | D:4      | Noticed Blork the orc
  3163 | D:4      | Killed Blork the orc
  3164 | D:4      | Reached skill level 7 in Stealth
  3217 | D:4      | XOM: divination: detect creatures
  3310 | D:4      | XOM: silly message
  3507 | D:4      | Noticed Duvessa
  3515 | D:4      | Noticed Dowan
  3534 | D:4      | XOM: potion effect (invisibility)
  3538 | D:4      | HP: 1/27 [hound (4)]
  3540 | D:4      | Lost mutation: You sometimes lose the ability to read
                  | scrolls when taking damage. [potion of mutation]
  3540 | D:4      | Gained mutation: You sometimes lose the ability to read
                  | scrolls when taking damage. [potion of mutation]
  3540 | D:4      | Gained mutation: You passively map a small area around you.
                  | [potion of mutation]
  3540 | D:4      | Gained mutation: Your magical capacity is low. (-10% MP)
                  | [potion of mutation]
  3540 | D:4      | Gained mutation: Your system is resistant to poisons.
                  | (rPois) [potion of mutation]
  3545 | D:4      | Slain by Duvessa

Illustrated notes

Levels and vault maps discovered:
D:1:      mainiacjoe_arrival_reflecting_pool, layout_rooms,
          shapermc_ecumenical_altar_acropolis
D:2:      layout_basic
D:3:      layout_basic, grunt_temple_overflow_opulence, wad_rectangle_vault,
          uniq_grinder
D:4:      layout_gridville, serial_shops, shop, kennysheep_generic_room_10,
          uniq_duvessa, uniq_blork_the_orc, uniq_menkaure

Skill      XL: |  1  2  3  4  5 |
---------------+----------------+-----
Stealth        | 2 4 5 6 7 |  7.6
Short Blades   | 4 |  4.9
Fighting       | |  2.4
Dodging        | |  3.2

Action                   |  1- 3 |  4- 6 || total
-------------------------+-------+-------++-------
Melee: Short sword       |   172 |   114 ||   286
  Use: Potion            |       |     7 ||     7
 Stab: Sleeping          |     9 |     6 ||    15
       Paralysed         |     1 |       ||     1
Armor: Robe              |    19 |    12 ||    31
Dodge: Dodged            |   131 |    75 ||   206

Table legend: (Time is in decaauts)
 A = Elapsed time spent in this place.
 B = Non-inter-level travel time spent in this place.
 C = Inter-level travel time spent in this place.
 D = Time resting spent in this place.
 E = Time spent auto-exploring this place.
 F = Levels seen in this place.
 G = Mean time per level.
                   A        B        C        D        E       F      G
               +--------+--------+--------+--------+--------+-----+--------+
         Total |   2744 |   2715 |     29 |    646 |   1500 |   4 |  686.0 |
       Dungeon |   2744 |   2715 |     29 |    646 |   1500 |   4 |  686.0 |
               +--------+--------+--------+--------+--------+-----+--------+

Top non-repeatable levels by time:
     D:1: 1042 daAuts
     D:3: 902 daAuts
     D:2: 467 daAuts
     D:4: 332 daAuts
